[Event "Titled Tuesday Blitz August 22 Early 2023"]
[White "Budrewicz, Krzysztof"]
[Black "Baches Garcia, Guillermo"]
[WhiteFideId "1127950"]
[BlackFideId "2209764"]
[WhiteElo "2542"]
[BlackElo "2431"]
[Result "1-0"]
[Round "8"]
[TimeControl "180+1"]
[Date "2023.08.22"]
[WhiteClock "0:01:54"]
[BlackClock "0:00:00"]
[Board "107"]

1. d4 d5 2. c4 e6 3. Nc3 h6 4. Nf3 Nf6 5. Bf4 Bd6 6. Bxd6 Qxd6 7. e3 O-O 8. Rc1 Qe7 9. Qb3 c6 10. Be2 Nbd7 11. O-O Re8 12. Rfd1 Ne4 13. Nxe4 dxe4 14. Nd2 f5 15. c5 Kh7 16. Nc4 e5 17. Nd6 Rf8 18. d5 Nxc5 19. Rxc5 Qxd6 20. Qc3 cxd5 21. Rcxd5 Qf6 22. Qxe5 Be6 23. Qxf6 Rxf6 24. Rd6 Bxa2 25. Rxf6 gxf6 26. Rd7+ Kg6 27. Rxb7 a5 28. h4 h5 29. Kh2 a4 30. Kg3 a3 31. bxa3 Rxa3 32. Bb5 Bf7 33. Bd7 Ra5 34. Rb5 Rxb5 35. Bxb5 Be6 36. Kf4 Bc8 37. Be8+ Kg7 38. Bxh5 1-0


[Site "https://www.chess.com"]

[Event "Titled Tuesday Blitz August 22 Early 2023"]
[White "Bueno, Alfeu Junior Varela"]
[Black "Vovk, Orest"]
[WhiteFideId "2108879"]
[BlackFideId "14113490"]
[WhiteElo "2428"]
[BlackElo "2536"]
[Result "1-0"]
[Round "8"]
[TimeControl "180+1"]
[Date "2023.08.22"]
[WhiteClock "0:01:35"]
[BlackClock "0:02:20"]
[Board "108"]

1. e4 g5 2. Nc3 Bg7 3. h4 g4 4. Qxg4 Bd4 5. Nf3 d5 6. Qg3 dxe4 7. Nxd4 Qxd4 8. Nb5 Qc5 9. Nxc7+ Kf8 10. Nxa8 Nc6 11. Qc3 Qd6 12. Qxh8 1-0


[Site "https://www.chess.com"]

[Event "Titled Tuesday Blitz August 22 Early 2023"]
[White "subham777"]
[Black "Dwilewicz, Katarzyna"]
[BlackFideId "1148486"]
[WhiteElo "2533"]
[BlackElo "2425"]
[Result "1-0"]
[Round "8"]
[TimeControl "180+1"]
[Date "2023.08.22"]
[WhiteClock "0:01:13"]
[BlackClock "0:00:23"]
[Board "109"]

1. e4 c5 2. Nf3 d6 3. d4 cxd4 4. Qxd4 a6 5. Nc3 Nc6 6. Qd2 g6 7. b3 Bh6 8. Qe2 Bxc1 9. Rxc1 Nf6 10. g3 O-O 11. Bg2 Bg4 12. O-O Rc8 13. Nd5 e6 14. Ne3 Nd4 15. Qd1 Nxf3+ 16. Bxf3 Bxf3 17. Qxf3 Kg7 18. c4 h5 19. Rfd1 Qe7 20. Rd2 Nd7 21. Rcd1 Ne5 22. Qe2 Rcd8 23. f4 Nc6 24. Kg2 h4 25. Qg4 Rh8 26. f5 Ne5 27. Qf4 Rh5 28. Rxd6 Rxd6 29. Qxe5+ f6 30. Qxd6 h3+ 31. Kf3 Qxd6 32. Rxd6 exf5 33. Rd7+ Kf8 34. exf5 gxf5 35. Rxb7 f4 36. Kxf4 Ra5 37. a4 Re5 38. b4 1-0


[Site "https://www.chess.com"]

[Event "Titled Tuesday Blitz August 22 Early 2023"]
[White "Jovic, Stanoje"]
[Black "Manukian, Artak"]
[WhiteFideId "905020"]
[BlackFideId "13301373"]
[WhiteElo "2530"]
[BlackElo "2414"]
[Result "1-0"]
[Round "8"]
[TimeControl "180+1"]
[Date "2023.08.22"]
[WhiteClock "0:01:22"]
[BlackClock "0:01:23"]
[Board "110"]

1. c4 Nf6 2. g3 e5 3. Bg2 c6 4. Nf3 e4 5. Nd4 d5 6. cxd5 cxd5 7. O-O Nc6 8. Nxc6 bxc6 9. d3 Bf5 10. Nc3 exd3 11. exd3 Be7 12. Qa4 Bd7 13. Re1 O-O 14. d4 h6 15. Qc2 Re8 16. Bf4 Bb4 17. a3 Ba5 18. b4 Bb6 19. Qd2 a5 20. Rxe8+ Qxe8 21. Na4 Bd8 22. Re1 Ne4 23. Qc2 Qf8 24. Nc5 axb4 25. Nxd7 Qe7 26. Qxc6 Rxa3 27. Qxd5 1-0


[Site "https://www.chess.com"]

[Event "Titled Tuesday Blitz August 22 Early 2023"]
[White "Sreyas Payyappat"]
[Black "Pavlidis, Anastasios"]
[WhiteFideId "46674969"]
[BlackFideId "4208404"]
[WhiteElo "2527"]
[BlackElo "2339"]
[Result "1-0"]
[Round "8"]
[TimeControl "180+1"]
[Date "2023.08.22"]
[WhiteClock "0:00:44"]
[BlackClock "0:00:09"]
[Board "111"]

1. e4 c6 2. d4 d5 3. Nc3 dxe4 4. Nxe4 Nf6 5. Nxf6+ gxf6 6. Bc4 e6 7. Ne2 Bd6 8. Bf4 Qa5+ 9. c3 Bxf4 10. Nxf4 Qg5 11. Qf3 Nd7 12. h4 Qa5 13. O-O-O Nb6 14. Bb3 Bd7 15. Rhe1 O-O-O 16. g4 Nd5 17. Nxd5 exd5 18. Kb1 Rhe8 19. Bc2 Qc7 20. g5 fxg5 21. hxg5 Rg8 22. Qxf7 Rxg5 23. Re7 h5 24. Rde1 Qd6 25. f4 Rg2 26. Rxd7 Rxd7 27. Bf5 Kc7 28. Bxd7 Kb6 29. Bh3 Rf2 30. Re7 Qb8 31. a3 Rxf4 32. Rxb7+ Qxb7 33. Qxf4 Qh7+ 34. Bf5 Qf7 35. Qb8+ Qb7 36. Qxb7+ Kxb7 37. Kc2 Kc7 38. Kd3 Kd6 39. Ke3 Kc7 40. Kf4 Kb6 41. Ke5 h4 42. b3 a5 43. a4 Kb7 44. Kd6 Kb6 45. Bh3 Kb7 46. Bd7 Kb6 47. Bxc6 h3 48. Bxd5 h2 49. c4 Ka6 50. Bh1 Ka7 51. Kc7 Ka6 52. d5 Ka7 53. d6 Ka6 54. d7 1-0


[Site "https://www.chess.com"]

[Event "Titled Tuesday Blitz August 22 Early 2023"]
[White "Tiarks, Jann-Christian"]
[Black "Karamsetty, Jeevan"]
[WhiteFideId "12951595"]
[BlackFideId "2025337"]
[WhiteElo "2320"]
[BlackElo "2526"]
[Result "0-1"]
[Round "8"]
[TimeControl "180+1"]
[Date "2023.08.22"]
[WhiteClock "0:00:50"]
[BlackClock "0:00:31"]
[Board "112"]

1. e4 e5 2. Bc4 Nf6 3. d4 exd4 4. Nf3 Nc6 5. e5 d5 6. Bb5 Ne4 7. Nxd4 Bd7 8. O-O Bc5 9. c3 Bxd4 10. cxd4 Nxe5 11. dxe5 Bxb5 12. Re1 O-O 13. Nc3 Bc6 14. Nxe4 dxe4 15. Qg4 Qd5 16. Bf4 Rae8 17. Rad1 Qa5 18. a3 Re6 19. h4 Rg6 20. Qh3 e3 21. f3 e2 22. Rxe2 Qa4 23. Rde1 Qxf4 24. h5 Re6 25. b4 a6 26. Rd1 Rxe5 27. Red2 Qe3+ 28. Kh2 h6 29. Rd8 Ree8 30. R8d4 Qe5+ 31. Kg1 Qe3+ 32. Kh2 Qxa3 33. Rg4 Qb2 34. Qg3 Qf6 35. Rdd4 Kh8 36. Rdf4 Qe5 37. Kh3 Bd7 0-1


[Site "https://www.chess.com"]

[Event "Titled Tuesday Blitz August 22 Early 2023"]
[White "Shishkov, Andrei"]
[Black "Miguelitro69"]
[WhiteFideId "4500563"]
[WhiteElo "2519"]
[BlackElo "2276"]
[Result "1/2-1/2"]
[Round "8"]
[TimeControl "180+1"]
[Date "2023.08.22"]
[WhiteClock "0:00:06"]
[BlackClock "0:00:22"]
[Board "113"]

1. d4 Nf6 2. c4 d6 3. Nc3 g6 4. e4 Bg7 5. f3 O-O 6. Be3 e5 7. d5 Nbd7 8. Qd2 a5 9. O-O-O Nc5 10. g4 a4 11. Nge2 Bd7 12. Ng3 Qb8 13. Kb1 Ne8 14. Be2 Kh8 15. h4 f5 16. gxf5 gxf5 17. exf5 Bxf5+ 18. Nxf5 Rxf5 19. Bxc5 dxc5 20. Ne4 b6 21. h5 Nd6 22. h6 Bf6 23. Bd3 Rxf3 24. Rdf1 Rxf1+ 25. Rxf1 Be7 26. Nxd6 cxd6 27. Rf7 Qd8 28. Rxh7+ Kg8 29. Qg2+ Bg5 30. Rg7+ Kh8 31. Qxg5 Qxg5 32. Rxg5 Rf8 33. Bf5 Rf6 34. h7 Rf8 35. Kc2 Re8 36. Kd3 Ra8 37. Rg8+ Rxg8 38. hxg8=Q+ Kxg8 39. Bd7 a3 40. bxa3 Kg7 41. Ke4 Kf6 42. Bh3 Kg5 43. Bc8 Kf6 44. Bh3 Kg5 45. Bf1 Kg4 46. Be2+ Kg5 47. Bd1 Kf6 48. Kf3 Kg5 49. Bc2 Kh4 50. Bf5 Kg5 51. Bc2 Kh4 52. Ke4 Kg5 53. Bd1 Kf6 54. Kf3 Kg5 55. Kg3 Kf5 56. Bc2+ Kg5 57. Bd3 Kh5 58. Kf3 Kg5 59. Ke4 Kg4 60. a4 Kg5 61. Bf1 Kg4 62. Be2+ Kg5 63. Bd1 Kf6 64. Ke3 Kf5 65. Kf3 Kg5 66. Kg3 Kf5 67. Bc2+ Kg5 68. a3 Kh5 69. Kf3 Kg5 70. Bd3 Kh4 71. Bf5 Kg5 72. Be6 Kh4 73. Ke4 Kg5 74. Bh3 Kf6 75. Bf1 Kg5 76. Kd3 Kf4 77. Bg2 Kg3 78. Be4 Kf4 79. Bh7 Kf3 80. Bg6 Kf4 81. Kc3 Ke3 82. Be8 Kf4 83. Kd3 Kf3 84. Bg6 Kf4 85. Ke2 Kg5 86. Bc2 Kf4 87. Kf2 Kg4 88. Ke3 Kg3 89. Ke4 Kg4 90. Bb1 Kg5 91. Bc2 Kf6 92. Bd1 Kg5 93. Be2 Kf6 94. Bg4 Kg5 95. Bf5 Kf6 96. Bh7 Kg5 97. Bg8 Kg4 98. Be6+ Kg5 99. Kd3 Kf4 100. Bg8 Kg5 101. Bh7 Kf4 102. Be4 Kg3 103. Ke3 Kg4 104. Bg2 Kg3 105. Bf1 Kg4 106. Ke4 Kg5 107. Be2 Kf6 108. Kf3 Kg5 109. Kg3 Kf5 110. Bd3+ Kg5 111. Kf3 Kh4 112. Ke4 Kg4 113. Be2+ Kg5 114. Bd1 Kf6 115. Kd3 Kf5 116. Kc3 Ke4 117. Bc2+ Ke3 118. Bg6 1/2-1/2


[Site "https://www.chess.com"]

[Event "Titled Tuesday Blitz August 22 Early 2023"]
[White "matenitian"]
[Black "Sava, Christiansen-Danut-Eugen"]
[BlackFideId "1210114"]
[WhiteElo "2508"]
[BlackElo "2243"]
[Result "1-0"]
[Round "8"]
[TimeControl "180+1"]
[Date "2023.08.22"]
[WhiteClock "0:00:53"]
[BlackClock "0:00:14"]
[Board "114"]

1. e4 c5 2. Nc3 Nc6 3. Bb5 Nd4 4. Bc4 e6 5. Nf3 Ne7 6. Nxd4 cxd4 7. Ne2 Nc6 8. O-O Bc5 9. d3 O-O 10. Nf4 a6 11. Qh5 b5 12. Qxc5 bxc4 13. Qxc4 a5 14. a3 Ba6 15. Qa2 Kh8 16. Bd2 f5 17. Rfe1 e5 18. Nd5 f4 19. f3 Ne7 20. Bxa5 Qxa5 21. Nxe7 Rae8 22. b4 Qb6 23. Nd5 Qh6 24. a4 d6 25. Nc7 Re7 26. Nxa6 g5 27. c3 g4 28. Rf1 Rg8 29. Rac1 Reg7 30. fxg4 Rxg4 31. Rc2 dxc3 32. Rf3 Qh5 33. Kh1 Rxg2 34. Rxg2 Qxf3 35. Qxg8# 1-0


[Site "https://www.chess.com"]

[Event "Titled Tuesday Blitz August 22 Early 2023"]
[White "Dilmukhametov, Artur"]
[Black "Yedidia, Daniel"]
[WhiteFideId "24179922"]
[BlackFideId "30905907"]
[WhiteElo "2199"]
[BlackElo "2506"]
[Result "0-1"]
[Round "8"]
[TimeControl "180+1"]
[Date "2023.08.22"]
[WhiteClock "0:00:00"]
[BlackClock "0:00:07"]
[Board "115"]

1. e4 e5 2. Nf3 Nc6 3. Bb5 a6 4. Ba4 Nf6 5. Bxc6 dxc6 6. d3 Bd6 7. Nbd2 Be6 8. b3 Nd7 9. O-O O-O 10. Nc4 f6 11. Ne3 Bc5 12. d4 exd4 13. Nxd4 Bxd4 14. Qxd4 Ne5 15. Qb4 b6 16. Rd1 Qe8 17. f4 Ng4 18. h3 Nxe3 19. Bxe3 c5 20. Qe1 Bc8 21. Bc1 Bb7 22. e5 Qc6 23. Qg3 Rae8 24. Bb2 f5 25. e6 Re7 26. Qg5 h6 27. Qg6 Qxe6 28. Qxe6+ Rxe6 29. Be5 Rf7 30. Rd8+ Kh7 31. Rad1 Bc6 32. Rc8 Rg6 33. Rd2 Be4 34. Rxc7 Rxc7 35. Bxc7 Rc6 36. Be5 Rg6 37. Kh2 Bc6 38. g3 Kg8 39. Rd8+ Kf7 40. Rb8 b5 41. Rb6 Be4 42. Rb8 Bxc2 43. Rb7+ Kg8 44. Rc7 Bb1 45. a3 Ba2 46. Rxc5 Bxb3 47. Rc8+ Kh7 48. Rc7 Bc4 49. Kg2 Bd5+ 50. Kf2 Be4 51. Ra7 h5 52. Rc7 h4 53. gxh4 Rg2+ 54. Ke3 Kh6 55. Ra7 Rg6 56. Ra8 Rc6 57. Ra7 Rg6 58. Ra8 Rg3+ 59. Kd4 Rxh3 60. Rxa6+ Kh5 61. Bxg7 Kg4 62. Be5 Rxh4 63. Kc5 Bd3 64. Rd6 Be2 65. Rd2 Kf3 66. Rc2 Rh1 67. Rc3+ Kf2 68. Bd4+ Kg2 69. Rc2 Kf3 70. Rc3+ Kg4 71. Be5 Rd1 72. Re3 Bc4 73. Kb4 Rb1+ 74. Kc5 Rd1 75. Kb4 Rd2 76. Rc3 Rb2+ 77. Kc5 Rb1 78. Rc2 Kf3 79. Bd6 Ke4 80. Kb6 Kd3 81. Rh2 Ke4 82. Re2+ Bxe2 0-1


[Site "https://www.chess.com"]

[Event "Titled Tuesday Blitz August 22 Early 2023"]
[White "Hambleton, Aman"]
[Black "Llanos, Guillermo"]
[WhiteFideId "2606577"]
[BlackFideId "100358"]
[WhiteElo "2816"]
[BlackElo "2429"]
[Result "1-0"]
[Round "8"]
[TimeControl "180+1"]
[Date "2023.08.22"]
[WhiteClock "0:00:02"]
[BlackClock "0:00:00"]
[Board "116"]

1. e4 Nf6 2. e5 Nd5 3. Nf3 d6 4. d4 g6 5. Be2 Bg7 6. O-O O-O 7. Re1 Nc6 8. exd6 cxd6 9. c4 Nf6 10. d5 Nb8 11. Nc3 Bg4 12. Nd4 Bxe2 13. Qxe2 Re8 14. Bg5 Nbd7 15. Rad1 Rc8 16. b3 a6 17. h3 Ne5 18. Ne4 Nxe4 19. Qxe4 h6 20. Bh4 f5 21. Qe2 g5 22. f4 Ng6 23. Ne6 Qd7 24. Qh5 Nxh4 25. fxg5 Bc3 26. Rd3 Bxe1 27. Qxh6 Qxe6 28. Qxe6+ Kg7 29. Qxe1 Ng6 30. Re3 Ne5 31. Rxe5 dxe5 32. Qxe5+ Kg6 33. h4 Rh8 34. Qe6+ Kh5 35. g3 Kg4 36. Kg2 Kh5 37. Qxf5 Rcf8 38. Qe6 Rhg8 39. Kh3 1-0


[Site "https://www.chess.com"]

[Event "Titled Tuesday Blitz August 22 Early 2023"]
[White "Kleiman, Jake"]
[Black "Goldin, Roman"]
[WhiteFideId "2020041"]
[BlackFideId "2803860"]
[WhiteElo "2674"]
[BlackElo "2427"]
[Result "0-1"]
[Round "8"]
[TimeControl "180+1"]
[Date "2023.08.22"]
[WhiteClock "0:00:23"]
[BlackClock "0:00:37"]
[Board "117"]

1. b3 e5 2. Bb2 d6 3. e3 Nc6 4. d4 exd4 5. exd4 d5 6. Nf3 Nf6 7. Bd3 Bd6 8. O-O O-O 9. h3 Re8 10. a3 Ne7 11. c4 Bf5 12. Re1 Bxd3 13. Qxd3 c6 14. Nbd2 Ng6 15. g3 Qd7 16. Kg2 Nh5 17. Kh2 Ngf4 18. Qf1 Qf5 19. Rxe8+ Rxe8 20. Re1 Rxe1 21. Nxe1 Nxh3 22. Nef3 Nxf2 23. Qe2 Bxg3+ 24. Kg1 Nh3+ 25. Kh1 h6 26. Nf1 N3f4 27. Qe3 Qh3+ 0-1


[Site "https://www.chess.com"]

[Event "Titled Tuesday Blitz August 22 Early 2023"]
[White "Namitbir Singh Walia"]
[Black "Castellanos Villela, Alejandro"]
[WhiteFideId "35071068"]
[BlackFideId "3446379"]
[WhiteElo "2429"]
[BlackElo "2636"]
[Result "1-0"]
[Round "8"]
[TimeControl "180+1"]
[Date "2023.08.22"]
[WhiteClock "0:00:19"]
[BlackClock "0:00:05"]
[Board "118"]

1. e4 e5 2. Nf3 Nc6 3. Bc4 Nf6 4. d3 h6 5. O-O d6 6. h3 g5 7. c3 g4 8. hxg4 Bxg4 9. Nbd2 Rg8 10. Re1 Qd7 11. Nf1 O-O-O 12. Re3 h5 13. N1h2 Bh6 14. Re2 Bf4 15. Bxf4 exf4 16. d4 Bh3 17. Ne1 Bxg2 18. Nxg2 Qh3 19. Qf1 f3 20. Nxf3 Qxf3 21. Re3 Qg4 22. Bxf7 Rg7 23. Rg3 Rxf7 24. Rxg4 hxg4 25. Re1 Rh8 26. Qc4 Rfh7 27. Kf1 Rh1+ 28. Ke2 R1h2 29. Qe6+ Nd7 30. Qxg4 Ne7 31. Ne3 Rf8 32. Rf1 c6 33. Qg3 Rh6 34. f4 Nf6 35. Qg7 Rh2+ 36. Rf2 Rxf2+ 37. Kxf2 Nxe4+ 38. Kf3 Re8 39. Kxe4 Nd5+ 40. Kf5 Nxe3+ 41. Kg5 Nd5 42. f5 Re2 43. Qh8+ Kd7 44. f6 Rg2+ 45. Kf5 Rf2+ 46. Kg6 Rxf6+ 47. Qxf6 Nxf6 48. Kxf6 d5 49. a4 a5 50. b4 b6 51. bxa5 bxa5 52. Kf7 Kd6 53. Ke8 c5 54. Kd8 cxd4 55. cxd4 Kc6 56. Ke7 Kc7 57. Ke6 Kc6 58. Ke5 Kc7 59. Kxd5 Kd7 60. Kc5 Kc7 61. Kb5 Kd6 62. Kxa5 Kd5 63. Kb6 Kxd4 64. a5 Kc4 65. a6 Kb4 66. a7 Kb3 67. a8=Q 1-0


[Site "https://www.chess.com"]

[Event "Titled Tuesday Blitz August 22 Early 2023"]
[White "Eggleston, Thomas A"]
[Black "Jakubowski, Krzysztof"]
[WhiteFideId "412139"]
[BlackFideId "1112848"]
[WhiteElo "2426"]
[BlackElo "2631"]
[Result "1-0"]
[Round "8"]
[TimeControl "180+1"]
[Date "2023.08.22"]
[WhiteClock "0:00:02"]
[BlackClock "0:00:22"]
[Board "119"]

1. e4 c5 2. Nf3 e6 3. g3 Nf6 4. Qe2 Nc6 5. Bg2 d5 6. e5 Nd7 7. d3 b5 8. c4 bxc4 9. dxc4 Nb6 10. cxd5 exd5 11. O-O Be7 12. Nc3 O-O 13. b3 Be6 14. Bb2 a6 15. Rad1 Qc7 16. h3 Rfd8 17. Rfe1 h6 18. Nh2 Bf8 19. Ng4 Qc8 20. f4 Ra7 21. Qf2 d4 22. Ne4 Nd5 23. Bf3 h5 24. Nh2 Ne3 25. Rd2 Bxh3 26. Bxh5 Bf5 27. Bf3 Nb4 28. a3 Nbd5 29. Ng5 a5 30. Qe2 Be7 31. Ne4 Rb7 32. g4 Bxe4 33. Bxe4 Rxb3 34. Qf2 Qb8 35. g5 g6 36. e6 Bf8 37. exf7+ Kxf7 38. f5 gxf5 39. Bxf5 Kg7 40. Be6 Qc7 41. Rxe3 Rxb2 42. Rxb2 dxe3 43. Qh4 Qe5 44. Qh6# 1-0


[Site "https://www.chess.com"]

[Event "Titled Tuesday Blitz August 22 Early 2023"]
[White "Vivas Zamora, Fabian Ernesto"]
[Black "Eynullayev, Atilla"]
[WhiteFideId "3902480"]
[BlackFideId "13413570"]
[WhiteElo "2424"]
[BlackElo "2630"]
[Result "1-0"]
[Round "8"]
[TimeControl "180+1"]
[Date "2023.08.22"]
[WhiteClock "0:00:24"]
[BlackClock "0:00:16"]
[Board "120"]

1. e4 c5 2. Nf3 Nc6 3. d4 cxd4 4. Nxd4 Nf6 5. Nc3 e5 6. Ndb5 d6 7. Bg5 a6 8. Na3 b5 9. Bxf6 gxf6 10. Nd5 f5 11. g3 fxe4 12. Bg2 Bg7 13. Bxe4 O-O 14. Ne3 Qb6 15. Qh5 h6 16. Nf5 Nd4 17. Nxh6+ Bxh6 18. Qxh6 Bf5 19. Bxf5 Nxf5 20. Qg5+ Ng7 21. O-O f5 22. Rad1 f4 23. c3 Rae8 24. Nc2 Rf5 25. Qg4 Re6 26. Nb4 Kf7 27. Nd5 Qd8 28. Kh1 Rg6 29. Qe2 Qg5 30. g4 f3 31. Qe4 Rff6 32. Nxf6 Rxf6 33. Qb7+ Kg6 34. Rg1 Ne6 35. Rg3 Nf4 36. Qxf3 Qh4 37. Qe4+ Kg5 38. Rdg1 Rh6 39. R3g2 Kf6 40. f3 Ke6 41. Rd2 Rh7 42. Qf5+ Ke7 43. g5 Rf7 44. Qe4 Qh3 45. g6 Rg7 46. Qb7+ Kf6 47. Rxd6+ Ne6 48. Rxe6+ Qxe6 49. Qe4 Qf5 50. Qh4+ Ke6 51. Qe4 Kf6 52. Qxf5+ Kxf5 53. Rg3 Rxg6 54. Rxg6 Kxg6 55. Kg2 Kf5 56. Kf2 Kf4 57. Ke2 e4 58. fxe4 Kxe4 59. a3 a5 60. Kd2 a4 61. c4 bxc4 62. Kc3 Kd5 63. h4 Ke5 64. Kxc4 Kf5 65. Kb4 Kg4 66. Kxa4 Kxh4 67. Kb5 Kg5 68. a4 Kf6 69. a5 Ke6 70. Kb6 Kd6 71. a6 Kd7 72. a7 Kc8 73. a8=Q+ Kd7 74. Qe4 1-0


[Site "https://www.chess.com"]

[Event "Titled Tuesday Blitz August 22 Early 2023"]
[White "Pershina, Elena"]
[Black "Tologon tegin, Semetei"]
[WhiteFideId "24147516"]
[BlackFideId "13800574"]
[WhiteElo "2423"]
[BlackElo "2601"]
[Result "1/2-1/2"]
[Round "8"]
[TimeControl "180+1"]
[Date "2023.08.22"]
[WhiteClock "0:00:05"]
[BlackClock "0:00:20"]
[Board "121"]

1. c4 e5 2. Nc3 Nf6 3. g3 Nc6 4. Bg2 Bc5 5. e3 d6 6. Nge2 Bb6 7. O-O Be6 8. d3 Qd7 9. Nd5 Bh3 10. Nxb6 axb6 11. Nc3 h5 12. Bxh3 Qxh3 13. Qf3 h4 14. Qg2 Qf5 15. e4 Qh5 16. f3 hxg3 17. hxg3 Nb4 18. Nb5 Kd7 19. d4 Nc2 20. dxe5 Nxa1 21. exf6 Qc5+ 22. Qf2 Qxf2+ 23. Rxf2 gxf6 24. b3 Rh3 25. Bf4 Rah8 26. g4 Rh1+ 27. Kg2 Re1 28. Bd2 Reh1 29. Bf4 Re1 30. Bd2 Nc2 31. Bxe1 Nxe1+ 32. Kg3 Nd3 33. Rd2 Nc5 34. Nd4 Rh1 35. Nf5 Ne6 36. Rh2 Rg1+ 37. Kf2 Ra1 38. Ke3 Ng5 39. Rg2 Ke6 40. Rh2 c6 41. f4 Re1+ 42. Kd3 Nxe4 43. Rh8 Kd7 44. Rh7 Nc5+ 45. Kd2 Re4 46. Rxf7+ Kd8 47. Rxf6 Rxf4 48. Rf8+ Kd7 49. Rf7+ Ke6 50. Re7+ Kf6 51. Rc7 Rxg4 52. Nxd6 Rd4+ 53. Kc3 Rxd6 54. b4 Ne4+ 55. Kb3 Rd3+ 56. Kc2 Rd4 57. Kb3 Nd2+ 58. Kc3 Rd8 59. Rxb7 Ne4+ 60. Kb3 Nd6 61. Rxb6 Rc8 62. b5 cxb5 63. Rxd6+ Ke5 64. Rb6 bxc4+ 65. Kc3 Kd5 66. Rb5+ Ke4 67. Rb4 Kd5 68. Rb5+ Kd6 69. Rb4 Ra8 70. Rxc4 Rxa2 71. Kd4 Rd2+ 72. Ke3 Rh2 73. Rb4 Kc5 74. Ra4 Rh3+ 75. Kf2 Kb5 76. Rg4 Rb3 77. Rf4 Kc5 78. Rg4 Kd5 79. Rh4 Ke5 80. Rg4 Kf5 81. Rh4 Rb2+ 82. Ke3 Ra2 83. Kd3 Ra3+ 84. Kc2 Kg5 85. Re4 Rf3 86. Rd4 Kf5 87. Rc4 Ke5 88. Rb4 Kd5 89. Ra4 Kc5 90. Re4 Rh3 91. Rf4 Rg3 92. Rh4 Rf3 93. Rg4 Re3 94. Rh4 Re2+ 95. Kd3 Ra2 96. Rg4 Ra3+ 97. Kc2 Ra2+ 98. Kb3 Rf2 99. Rh4 Kd5 100. Rg4 Ke5 101. Rh4 Rf3+ 102. Kc2 Rf2+ 103. Kd3 Rg2 104. Rb4 Rg3+ 105. Ke2 Rc3 106. Kd2 Rc5 107. Kd3 Rd5+ 108. Ke3 Ra5 109. Kd3 Kd5 110. Kc3 Kc5 111. Rc4+ Kd6 112. Rd4+ Ke5 113. Rb4 Ra1 114. Rc4 Rc1+ 115. Kd3 Rh1 116. Rb4 Kd5 117. Ra4 Kc5 118. Ke3 Rh3+ 119. Kf2 Rc3 120. Rg4 Kd5 1/2-1/2


[Site "https://www.chess.com"]

[Event "Titled Tuesday Blitz August 22 Early 2023"]
[White "Sun, Rick"]
[Black "Buchenau, Frank"]
[WhiteFideId "30909481"]
[BlackFideId "4604350"]
[WhiteElo "2601"]
[BlackElo "2423"]
[Result "1/2-1/2"]
[Round "8"]
[TimeControl "180+1"]
[Date "2023.08.22"]
[WhiteClock "0:00:10"]
[BlackClock "0:00:08"]
[Board "122"]

1. e4 e6 2. d4 d5 3. exd5 exd5 4. Nf3 Bf5 5. c4 Bxb1 6. Rxb1 Bb4+ 7. Bd2 Bxd2+ 8. Qxd2 Nf6 9. Bd3 dxc4 10. Bxc4 O-O 11. O-O Nc6 12. Rbd1 Qd6 13. Nh4 Ng4 14. g3 h6 15. Nf5 Qf6 16. Qf4 Qg5 17. Qf3 Rad8 18. h4 Qh5 19. Be2 g6 20. Qxg4 Qxf5 21. Qxf5 gxf5 22. d5 Ne7 23. Bf3 Rd7 24. Kg2 Rfd8 25. Rc1 f4 26. g4 Ng6 27. Rh1 Ne5 28. g5 Nxf3 29. Kxf3 hxg5 30. hxg5 Rxd5 31. Rxc7 Rxg5 32. Rxb7 a5 33. Kxf4 Rg6 34. Rc1 Rd2 35. Ke3 Rd5 36. Rcc7 Rf5 37. Rb8+ Kg7 38. Rcc8 Re6+ 39. Kd4 Rxf2 40. Rg8+ Kf6 41. Rb3 Rf4+ 42. Kd5 Rf5+ 43. Kd4 Rf4+ 44. Kd5 Rf5+ 45. Kd4 Rf4+ 1/2-1/2


[Site "https://www.chess.com"]

[Event "Titled Tuesday Blitz August 22 Early 2023"]
[White "Romero Ruscalleda, Josep"]
[Black "Czopor, Maciej"]
[WhiteFideId "2231859"]
[BlackFideId "21805431"]
[WhiteElo "2420"]
[BlackElo "2595"]
[Result "0-1"]
[Round "8"]
[TimeControl "180+1"]
[Date "2023.08.22"]
[WhiteClock "0:00:02"]
[BlackClock "0:00:08"]
[Board "123"]

1. e4 c5 2. c3 Nf6 3. e5 Nd5 4. Nf3 d6 5. Bc4 dxe5 6. Nxe5 e6 7. O-O Bd6 8. d4 O-O 9. Qe2 cxd4 10. cxd4 Nb6 11. Bd3 g6 12. Nc3 N8d7 13. Bh6 Re8 14. Rfd1 Nf6 15. Bg5 Be7 16. Qf3 Rf8 17. Rac1 Kg7 18. Qe3 Ng4 19. Nxg4 Bxg5 20. f4 Bf6 21. Ne5 Bd7 22. Be4 Rb8 23. d5 exd5 24. Nxd5 Bxe5 25. Nxb6 Qxb6 26. Qxb6 axb6 27. fxe5 Be6 28. Rc7 Rfc8 29. Rxb7 Rxb7 30. Bxb7 Rc2 31. b3 Rxa2 32. Bd5 Re2 33. Bxe6 fxe6 34. Rd6 Rxe5 35. Rxb6 Kf6 36. Kf2 Ra5 37. b4 Ra2+ 38. Kf3 Kf5 39. Rb7 Ra3+ 40. Kf2 Ra2+ 41. Kf3 h5 42. b5 g5 43. Rf7+ Ke5 44. Rg7 g4+ 45. Kg3 Rb2 46. Kh4 Kf6 47. Rg5 Rxg2 48. h3 Rh2 49. Rxg4 hxg4 50. Kxg4 Rb2 51. h4 Rxb5 52. h5 Kg7 53. Kf4 Kh6 54. Ke4 Rxh5 0-1


[Site "https://www.chess.com"]

[Event "Titled Tuesday Blitz August 22 Early 2023"]
[White "Farmani Anosheh, Armin"]
[Black "Aevengho"]
[WhiteFideId "24613240"]
[WhiteElo "2419"]
[BlackElo "2574"]
[Result "0-1"]
[Round "8"]
[TimeControl "180+1"]
[Date "2023.08.22"]
[WhiteClock "0:00:00"]
[BlackClock "0:00:02"]
[Board "124"]

1. e4 d6 2. d4 Nf6 3. Nc3 g6 4. f3 c6 5. Be3 b5 6. Qd2 Nbd7 7. d5 b4 8. dxc6 bxc3 9. cxd7+ Bxd7 10. Qxc3 Bg7 11. Bd4 Rc8 12. Qd2 O-O 13. Bd3 e5 14. Bxa7 d5 15. exd5 Nxd5 16. Ne2 Qh4+ 17. Bf2 Qb4 18. c3 Qa5 19. b4 Qa3 20. Bc5 Rxc5 21. bxc5 Qxc5 22. Be4 Be6 23. Bxd5 Bxd5 24. Rd1 Bc4 25. Nc1 f5 26. Nb3 Qb6 27. Qf2 Qa6 28. Qc5 Rc8 29. Qa5 Qb7 30. Rd8+ Kf7 31. Rxc8 Qxc8 32. Qc5 Qe6 33. Kf2 Bf8 34. Qc7+ Kg8 35. Rd1 e4 36. fxe4 fxe4 37. Qf4 Bxb3 38. axb3 Qxb3 39. Re1 Bc5+ 40. Kg3 Qxc3+ 41. Kg4 Qxe1 42. Qb8+ Bf8 43. Qb3+ Kg7 44. Qb2+ Kh6 45. Qf6 Qe2+ 46. Kh3 Qe3+ 47. g3 Qf3 48. Qg5+ Kg7 49. Qe5+ Qf6 50. Qc7+ Qe7 0-1


[Site "https://www.chess.com"]

[Event "Titled Tuesday Blitz August 22 Early 2023"]
[White "Khromkin, Andrey"]
[Black "Aggelis, Nikolaos"]
[WhiteFideId "4154126"]
[BlackFideId "4213220"]
[WhiteElo "2414"]
[BlackElo "2571"]
[Result "0-1"]
[Round "8"]
[TimeControl "180+1"]
[Date "2023.08.22"]
[WhiteClock "0:00:13"]
[BlackClock "0:00:35"]
[Board "125"]

1. d4 f5 2. e4 fxe4 3. Nc3 Nf6 4. Bg5 d5 5. Bxf6 exf6 6. Qh5+ g6 7. Qxd5 Bb4 8. Qxe4+ Kf7 9. Bc4+ Kg7 10. Ne2 Re8 11. Qd5 Bxc3+ 12. bxc3 Qe7 13. O-O c6 14. Qf3 Be6 15. Bb3 Bxb3 16. Nf4 Bf7 17. Nd3 Nd7 18. Rab1 Nb6 19. h4 Bxa2 20. Rbe1 Qf7 21. h5 Rxe1 22. Rxe1 Re8 23. Ra1 Bd5 24. Qg3 Nc8 25. Nf4 g5 26. Nxd5 Qxd5 27. f3 Qd6 28. Qg4 Qe6 29. Qg3 Qe3+ 30. Kh1 Qxc3 31. Rf1 Qe3 32. Qh3 Qe6 33. Qg3 Qd6 34. Qg4 Qe6 35. Qg3 h6 36. f4 Qe2 37. Rg1 Qxh5+ 38. Qh2 Qxh2+ 39. Kxh2 Re2 0-1


[Site "https://www.chess.com"]